AoeStats
← palomuno

Hideout

507798173Analyzed
1v1 RM · 11d ago on Sep 19, 2026· 71m 13s· 2 players
Game mode
Random Map
Map size
Tiny (2 player)
Population
200
Speed
Normal
Resources
Standard
Victory
Conquest
Starting age
Dark Age
Ending age
Imperial Age
RankedLock teamsTeams togetherTeam positionsShared explorationLock speedFull tech treeHidden civsTurbo modeCheats
Victory
Defeat
🇨🇴 Turks · Colombia
479
+16
🇫🇷 Teutons · France
470
-16
RoadinHR2019
11:50 Feudal Age
12:17 Town Watch
13:00 Man-at-Arms
16:37 Double-Bit Axe
18:23 Forging
23:15 Castle Age
21:39 Stone Mining
21:49 Gold Mining
25:18 Town Patrol
25:55 Wheelbarrow
25:40 Long Swordsman
30:52 Fletching
31:57 Bodkin Arrow
37:50 Imperial Age
39:37 Crenellations
40:39 Chemistry
40:01 Ballistics
40:44 Chemistry
41:48 Fortified Wall
42:46 Siege Engineers
44:21 Scale Mail Armor
44:26 Padded Archer Armor
47:48 Iron Casting
47:28 Chain Mail Armor
48:25 Pikeman
50:35 Leather Archer Armor
52:09 Conscription
55:30 Ring Archer Armor
palomuno
7:54 Loom
7:57 Loom
11:28 Feudal Age
16:53 Castle Age
14:52 Horse Collar
15:16 Double-Bit Axe
29:57 Fletching
32:16 Bodkin Arrow
36:12 Imperial Age
34:35 Bow Saw
34:29 Heavy Plow
36:38 Husbandry
36:51 Forging
39:46 Wheelbarrow
38:56 Heavy Cavalry Archer
41:38 Bracer
45:36 Scale Barding Armor
48:00 Wheelbarrow
49:36 Gold Mining
53:17 Hand Cart
56:07 Gold Shaft Mining
55:26 Town Watch
56:51 Conscription
56:14 Treadmill Crane
65:02 Padded Archer Armor
65:38 Iron Casting
65:24 Chain Barding Armor
67:19 Two-Man Saw
67:59 Masonry
68:11 Ballistics
68:52 Hoardings
Connection lost

Rejoining the realm…

Still unreachable

The connection could not be restored.

Session expired

The server has moved on; the page needs a fresh start.